 Dungeon Crawl Stone Soup version 0.31.0-32-g396128a36d (webtiles) character file.

Game seed: 13081578309293982854

218810 TacoSundae the Brawler (level 19, -14/135 HPs)
             Began as a Vine Stalker Shapeshifter on Apr 11, 2024.
             Was the Champion of Dithmenos.
             Killed from afar by a deep elf annihilator (31 damage)
             ... with an iron shot
             ... on level 3 of the Elven Halls.
             The game lasted 02:29:24 (28886 turns).

TacoSundae the Brawler (Vine Stalker Shapeshifter) Turns: 28886, Time: 02:29:26

Health: -14/135    AC: 36    Str: 30    XL:     19   Next: 12%
Magic:  0/29       EV: 19    Int: 10    God:    Dithmenos [******]
Gold:   1157       SH:  0    Dex: 16    Spells: 30/30 levels left

rFire   + .          .
                       - Unarmed
rCold   . . .        (no shield)
rNeg    + + .        U - melded +1 robe {rC+}
rPois   ∞            A - +2 hat {Stlth+}
rElec   +            Y - +0 cloak {Will+}
rCorr   .            a - melded +0 pair of gloves
SInv    +            J - melded +0 pair of boots
Will    +++..        i - amulet "Verim" {Acrobat -Cast rPois rN+}
Stlth   ++++         f - ring of Oveitav {rElec AC+4 Int-3 SInv}
HPRegen 1.22/turn    V - ring "Maschoste" {rF+ Str+7 Int+3}
MPRegen 0.21/turn

%: no spellcasting, acrobat, guardian spirit
@: mighty, statue-form, wreathed by umbra, very slow
A: slow and powerful, torment resistance 1, boosted hp, fangs 3, regeneration 1,
magic shield, antimagic bite, no potion heal 2
}: 1/15 runes: gossamer
a: Begin Untransformation, Renounce Religion, Shadow Step, Shadow Form


You were on level 3 of the Elven Halls.
You worshipped Dithmenos.
Dithmenos was exalted by your worship.
You were a living statue of rough stone.
You visited 6 branches of the dungeon, and saw 29 of its levels.
You also visited: Sewer, Ossuary, Ice Cave and Desolation.

You collected 3222 gold pieces.
You spent 2065 gold pieces at shops.

Inventory:

Missiles
 e - 3 throwing nets
 h - 35 poisoned darts (quivered)
 r - 7 curare-tipped darts
Armour
 a - a +0 pair of gloves (melded)
 n - a +2 robe of willpower
 A - a +2 hat of stealth (worn)
 J - a +0 pair of boots (melded)
 N - a scarf of shadows
 U - a +1 robe of cold resistance (melded)
 Y - a +0 cloak of willpower (worn)
Jewellery
 b - a +5 ring of evasion
 f - the ring of Oveitav (left fist) {rElec AC+4 Int-3 SInv}
   (You acquired it on level 5 of the Dungeon)

   [ring of protection]

   AC+4:      It affects your AC (+4).
   Int-3:     It affects your intelligence (-3).
   rElec:     It insulates you from electricity.
   SInv:      It lets you see invisible.
 i - the amulet "Verim" (around neck) {Acrobat -Cast rPois rN+}
   (You acquired it on level 5 of the Dungeon)

   [amulet of the acrobat]

   Acrobat:   It increases your evasion while moving and waiting.
   rPois:     It protects you from poison rN+: It protects you from negative
   energy.
   -Cast:     It prevents spellcasting.
 L - a ring of ice
 V - the ring "Maschoste" (right fist) {rF+ Str+7 Int+3}
   (You bought it in a shop on level 3 of the Elven Halls)

   [ring of protection from fire]

   Str+7:     It affects your strength (+7).
   Int+3:     It affects your intelligence (+3).
   rF+:       It protects you from fire.
 W - the ring of the Prince {^Drain Will+ rCorr Int+3}
   (You found it on level 14 of the Dungeon)

   [ring of resist corrosion]

   Int+3:     It affects your intelligence (+3).
   Will+:     It increases your willpower.
   rCorr:     It protects you from acid and corrosion.
   ^Drain:    It drains your maximum health when unequipped.
Talismans
 c - a beast talisman
 d - a flux talisman
 s - a blade talisman
 M - a serpent talisman
 P - a talisman of death
 R - a granite talisman (active)
Wands
 l - a wand of roots (25)
 y - a wand of mindburst (7)
 z - a wand of flame (40)
 K - a wand of paralysis (15)
 S - a wand of acid (2)
Scrolls
 p - 10 scrolls of teleportation
 u - 3 scrolls of poison
 w - 4 scrolls of revelation
 G - 6 scrolls of identify
 I - a scroll of torment
 O - 2 scrolls of fear
 T - 3 scrolls of fog
Potions
 g - 9 potions of curing
 j - 7 potions of brilliance
 k - 3 potions of haste
 m - a potion of invisibility
 o - a potion of cancellation
 q - 4 potions of enlightenment
 v - 5 potions of ambrosia
 x - 5 potions of mutation
 B - 4 potions of might
 C - 2 potions of resistance
 F - 4 potions of attraction
 H - 3 potions of magic
Miscellaneous
 D - a box of beasts
 Q - a phantom mirror


   Skills:
 + Level 13.0 Fighting
 + Level 12.0 Dodging
 + Level 19.2 Unarmed Combat
 + Level 6.0 Spellcasting
 - Level 12.0 Invocations
 + Level 17.8 Shapeshifting


You had 30 spell levels left.
You didn't know any spells.
Your spell library contained the following spells:

 Spells                   Type           Power      Damage    Failure   Level
 Summon Small Mammal      Summ           12%        N/A       21%         1
 Call Canine Familiar     Summ           3%         N/A       52%         3
 Dazzling Flash           Conj/Hex       6%         N/A       52%         3
 Hailstorm                Conj/Ice       3%         3d5       52%         3
 Mephitic Cloud           Conj/Alch/Air  3%         N/A       52%         3
 Sigil of Binding         Hex            3%         N/A       52%         3
 Summon Ice Beast         Ice/Summ       3%         N/A       52%         3
 Volatile Blastmotes      Fire/Tloc      6%         2d10      52%         3
 Brom's Barrelling Bould  Conj/Erth      3%         2d3       90%         4
 Cause Fear               Hex            1%         N/A       90%         4
 Dimensional Bullseye     Hex/Tloc       1%         N/A       90%         4
 Passage of Golubria      Tloc           3%         N/A       90%         4
 Petrify                  Alch/Erth      3%         N/A       90%         4
 Summon Blazeheart Golem  Fire/Summ      3%         N/A       90%         4
 Curse of Agony           Necr           3%         N/A       99%         5
 Fireball                 Conj/Fire      1%         3d3       99%         5
 Irradiate                Conj/Alch      1%         3d12      99%         5
 Iskenderun's Battlesphe  Conj           3%         2d6       99%         5
 Silence                  Hex/Air        1%         N/A       99%         5
 Summon Mana Viper        Hex/Summ       3%         N/A       99%         5
 Conjure Ball Lightning   Conj/Air       1%         3x3d6     100%        6
 Sculpt Simulacrum        Ice/Alch       1%         N/A       100%        6
 Starburst                Conj/Fire      1%         6d3       100%        6
 Monstrous Menagerie      Summ           1%         N/A       100%        7
 Orb of Destruction       Conj           1%         9d5       100%        7
 Lehudib's Crystal Spear  Conj/Erth      1%         10d2      100%        8
 Maxwell's Capacitive Co  Air            1%         ∞         100%        8
 Dragon's Call            Summ           1%         N/A       100%        9
 Sublimation of Blood     Necr           Unusable   N/A       N/A         2

Dungeon Overview and Level Annotations

Branches:
Dungeon (14/15)            Temple (1/1) D:7            Lair (5/5) D:10
 Shoals (0/4) Lair:2       Spider (4/4) Lair:2        Slime (0/5) Lair:4
    Orc (2/2) D:9             Elf (3/3) Orc:2        Vaults (0/5) D:13
  Sewer (visited)         Ossuary (visited)           IceCv (visited)
Desolation (visited)

Altars:
Ashenzari
Cheibriados
Dithmenos
Elyvilon
Fedhas
Gozag
Hepliaklqana
Kikubaaqudgha
Makhleb
Nemelex Xobeh
Okawaru
Qazlal
Ru
Sif Muna
Trog
Uskayaw
Vehumet
Wu Jian
Xom
Yredelemnul
Zin
The Shining One

Shops:
D:5 *   D:9 (   D:11 *   Orc:2 !**(   Elf:1 (   Elf:3 ==:

Annotations:
Temple 2 transporters
Elf:1 1 runed translucent door
Elf:2 3 runed translucent doors


Innate Abilities, Weirdness & Mutations

You are a living statue of rough stone.
Your actions are slow, but your melee attacks are powerful.
You are resistant to unholy torment.
Your maximum health is greatly increased.
Your equipment is partially melded.
You are immune to poison.
You have razor-sharp teeth.
Your natural rate of healing is unusually fast.
When hurt, damage is shared between your health and your magic reserves.
Your bite disrupts and absorbs the magic of your enemies.
Potions cannot restore your health.


Message History

The deep elf blademaster is severely wounded.
Your shadow completely misses the deep elf blademaster.
The deep elf blademaster hits you but does no damage.
The deep elf blademaster hits you with a +0 short sword.
* * * LOW HITPOINT WARNING * * *
Unknown command.
Unknown command.
You barely miss the deep elf blademaster.
Your bite misses the deep elf blademaster.
The deep elf blademaster is severely wounded.
Your shadow misses the deep elf blademaster.
The deep elf blademaster barely misses you.
The deep elf blademaster hits you but does no damage.
Unknown command.
Unknown command.
You pummel the deep elf blademaster!!
Your bite misses the deep elf blademaster.
The deep elf blademaster is almost dead.
The deep elf blademaster hits you but does no damage. x2
The deep elf blademaster hits you with a +0 short sword!
* * * LOW HITPOINT WARNING * * *
The deep elf blademaster hits you with a +0 short sword!
* * * LOW HITPOINT WARNING * * *
Unknown command.
Unknown command.
You pummel the deep elf blademaster like a punching bag!!!
You kill the deep elf blademaster!
Dithmenos accepts your kill.
Unknown command.
You start resting.
A deep elf annihilator comes into view. It is wielding a +0 long sword.
Okay, then.
Unknown command.
Aiming: Corrosive Bolt
Press: ? - help, Shift-Dir - straight line, f - deep elf annihilator
Aim: a deep elf annihilator, wielding a +0 long sword and wearing a +0 ring mail (umbra, 64% to hit)
The bolt of acid misses the deep elf annihilator.
The deep elf annihilator casts a spell at you.
The iron shot hits you!!
You die...

###§### #e# #e# #)# #)# #)# #)#
##################e##############
...'.........#..8$)...#..........
...#.........#...)....'..........
...#.........'........#..........
##'#####'######'#########'#######
.................................
.................................
#################################
≈≈≈≈≈≈≈≈≈≈≈≈≈≈≈≈≈≈≈≈≈≈≈≈≈≈≈≈≈≈≈≈≈
~≈~~~≈~~≈~~~~~~≈~~≈≈≈~~≈~~~~~~~~~


You could see a deep elf annihilator.

Vanquished Creatures
  Saint Roka (Elf:2)
  Nikola (Lair:2)
  Arachne (Spider:4)
  Zenata (Elf:3)
  3 deep elf blademasters (Elf:3)
  3 deep elf master archers (Elf:3)
  Agnes (Spider:4)
  Gastronok (Lair:2)
  The ghost of Giytsamn the Skirmisher, a journeyman GnWn of Zin (D:14)
  8 deep elf sorcerers
  2 deep elf elementalists (Elf:3)
  An orc warlord (Orc:2)
  2 ghost moths
  6 emperor scorpions
  A broodmother (Spider:2)
  2 deep elf demonologists (Elf:3)
  2 deep elf death magi
  Nessos (Lair:4)
  3 deep elf annihilators
  A spark wasp (Spider:4)
  A dire elephant (Lair:5)
  An ettin (Orc:2)
  Fannar (Orc:1)
  Harold (Lair:1)
  5 entropy weavers
  4 hydras
  2 peacekeepers (Elf:1)
  A servant of whispers (Desolation)
  A vault guard (D:13)
  An ogre mage (Orc:2)
  2 catoblepae
  2 radroaches
  6 two-headed ogres
  6 boulder beetles
  23 dancing weapons
  3 centaur warriors
  12 death yaks
  A deep troll shaman (Lair:5)
  4 tengu warriors
  17 demonic crawlers
  12 deep elf knights
  7 orc high priests
  11 pharaoh ants
  A skyshark (Lair:2)
  3 orb spiders
  3 spectral wolf spiders (Spider:1)
  3 sun moths
  8 deep elf archers
  18 steelbarb worms
  6 orc knights
  An ironbound convoker (Desolation)
  11 deep elf pyromancers
  22 deep elf zephyrmancers
  3 wolf spider zombies (Spider:1)
  13 ugly things
  3 cyclopes
  7 orc sorcerers
  13 wolf spiders
  2 manticores
  A shining eye (shapeshifter) (Elf:1)
  7 elephants
  2 slime creatures (D:14)
  2 moths of wrath
  A guardian serpent (Elf:1)
  7 meliai
  5 black mambas
  4 kobold blastminers
  A molten gargoyle (Elf:1)
  3 ice statues (IceCv)
  A merfolk siren (Lair:2)
  5 torpor snails
  A gargoyle (D:11)
  2 unseen horrors
  14 cane toads
  7 komodo dragons
  8 rime drakes
  A tengu conjurer (D:14)
  An ice devil (D:10)
  5 trolls
  A queen bee (D:8)
  9 tarantellas
  3 polar bears
  7 blink frogs
  5 wolf spider simulacra (Spider:1)
  4 saltlings
  18 jumping spiders
  3 air elementals
  5 water elementals
  63 yaks
  5 wraiths
  2 vampires (D:9)
  12 culicivoras
  2 basilisks
  7 wyverns
  4 fire elementals
  35 redbacks
  4 steam dragons
  6 wargs
  3 vampire mosquitoes (D:9)
  A death yak simulacrum (IceCv)
  A harpy simulacrum (IceCv)
  A chaos spawn (D:10)
  A hydra simulacrum (IceCv)
  An acid dragon (D:11)
  11 water moccasins
  49 orc warriors
  An ice beast (D:5)
  2 sky beasts (D:6)
  2 crocodiles (Sewer)
  6 laughing skulls
  13 ogres
  10 wolves
  9 centaurs
  3 kobold brigands
  4 bullfrogs
  7 elf zombies (Ossuary)
  A gnoll sergeant (D:8)
  3 scorpions
  8 earth elementals
  3 wights (D:6)
  29 killer bees
  2 elephant simulacra (IceCv)
  5 electric eels
  2 centaur zombies (Ossuary)
  6 howler monkeys
  A quasit (D:10)
  6 hounds
  A human zombie (Ossuary)
  A jelly (D:6)
  27 orc priests
  2 bombardier beetles
  2 sleepcaps
  A gnoll bouda (D:8)
  An iguana (D:4)
  18 orc wizards
  A sickly merfolk siren (Sewer)
  A polar bear simulacrum (IceCv)
  A malarious merfolk avatar (Sewer)
  A crocodile zombie (Ossuary)
  A boggart simulacrum (D:14)
  3 mummies (Ossuary)
  9 gnolls
  5 river rats (Sewer)
  12 adders
  A shadow imp (D:6)
  A white imp (D:6)
  2 ribbon worms
  4 dart slugs
  100 orcs
  12 endoplasms
  7 giant cockroaches
  9 goblins
  7 hobgoblins
  2 jackals (D:2)
  18 kobolds
  15 quokkas
  12 ball pythons
  8 bats
  8 frilled lizards
  An orc zombie (D:5)
  22 rats
1063 creatures vanquished.

Vanquished Creatures (others)
  A ghost moth (Spider:2)
  3 deep elf knights
  A redback (Spider:1)
5 creatures vanquished.

Grand Total: 1068 creatures vanquished

Notes
Turn   | Place    | Note
-------+----------+-------------------------------------------
     0 | D:1      | TacoSundae the Vine Stalker Shapeshifter began the quest
                  | for the Orb.
     0 | D:1      | Reached XP level 1. HP: 9/9 MP: 2/2
    62 | D:1      | Reached XP level 2. HP: 12/14 MP: 1/3
   359 | D:1      | Reached XP level 3. HP: 17/17 MP: 4/4
   755 | D:2      | Found a snail-covered altar of Cheibriados.
  1030 | D:2      | You fall into a shaft and drop 1 floor!
  1041 | D:3      | Reached XP level 4. HP: 20/21 MP: 5/5
  1047 | D:3      | Reached skill level 4 in Unarmed Combat
  1522 | D:3      | Reached XP level 5. HP: 25/25 MP: 6/6
  2131 | D:4      | Noticed an ogre
  2195 | D:4      | Reached skill level 5 in Unarmed Combat
  2216 | D:4      | Killed an ogre
  2217 | D:4      | Reached skill level 5 in Shapeshifting
  2217 | D:4      | Reached XP level 6. HP: 18/29 MP: 4/7
  2679 | D:4      | Reached XP level 7. HP: 32/32 MP: 8/8
  2877 | D:5      | Entered Level 5 of the Dungeon
  2933 | D:5      | Reached skill level 6 in Unarmed Combat
  2996 | D:5      | Identified 3 scrolls of acquirement
  2996 | D:5      | Acquired a manual of Unarmed Combat
  3000 | D:5      | Acquired the amulet "Verim" {Acrobat -Cast rPois rN+}
  3007 | D:5      | Acquired the ring of Oveitav {rElec AC+4 Int-3 SInv}
  3115 | D:5      | Found a bloodstained altar of Trog.
  3178 | D:5      | Found a sand-covered staircase.
  3190 | D:5      | Identified the +2 hand axe "Kaofridan" {vamp, Fly rN+ MP+9
                  | Str-3 Int+3}
  3199 | Ossuary  | Entered an ossuary
  3277 | Ossuary  | Reached skill level 7 in Unarmed Combat
  3325 | Ossuary  | Gained mutation: You have razor-sharp teeth. [Vine Stalker
                  | growth]
  3325 | Ossuary  | Reached XP level 8. HP: 37/37 MP: 9/9
  3334 | Ossuary  | Reached skill level 1 in Fighting
  3376 | Ossuary  | Reached skill level 8 in Unarmed Combat
  3776 | D:5      | Found Caculi Udoej's Serpentskin Sales.
  3944 | D:6      | Found a glowing drain.
  3981 | Sewer    | Entered a sewer
  4074 | Sewer    | Reached XP level 9. HP: 43/43 MP: 10/10
  4315 | Sewer    | Reached skill level 9 in Unarmed Combat
  5260 | D:7      | Found a staircase to the Ecumenical Temple.
  5267 | Temple   | Found a transporter.
  5267 | Temple   | Found a transporter.
  5267 | Temple   | Found a transporter.
  5267 | Temple   | Found a transporter.
  5267 | Temple   | Entered the Ecumenical Temple
  5279 | Temple   | Became a worshipper of Dithmenos the Shadowed
  5899 | D:8      | Noticed a troll
  5909 | D:8      | Killed a troll
  5910 | D:8      | Reached skill level 10 in Unarmed Combat
  6000 | D:8      | Noticed a queen bee
  6016 | D:8      | Killed a queen bee
  6017 | D:8      | Reached XP level 10. HP: 51/51 MP: 9/11
  6243 | D:8      | Reached skill level 5 in Fighting
  6271 | D:8      | Reached skill level 11 in Unarmed Combat
  6300 | D:8      | Reached * piety under Dithmenos
  6724 | D:9      | Found Zuacvya's Weapon Shoppe.
  6726 | D:9      | Found a staircase to the Orcish Mines.
  6754 | D:9      | Reached skill level 5 in Dodging
  7014 | D:9      | Reached skill level 12 in Unarmed Combat
  7023 | D:9      | Reached XP level 11. HP: 56/56 MP: 12/12
  7069 | D:9      | Reached ** piety under Dithmenos
  7683 | D:9      | Found a basalt altar of Yredelemnul.
  7689 | D:9      | Found a sacrificial altar of Ru.
  7782 | D:10     | Entered Level 10 of the Dungeon
  8038 | D:10     | Reached skill level 10 in Shapeshifting
  8185 | D:10     | Reached skill level 13 in Unarmed Combat
  8222 | D:10     | Found a staircase to the Lair.
  8359 | D:11     | Noticed a boulder beetle
  8378 | D:11     | Killed a boulder beetle
  8448 | D:11     | Noticed a boulder beetle
  8493 | D:10     | Killed a boulder beetle
  8574 | D:11     | Noticed a manticore
  8594 | D:11     | Killed a manticore
  8594 | D:11     | Reached *** piety under Dithmenos
  8603 | D:11     | Found Tukhuhudio's Tempting Trifles.
  8732 | Lair:1   | Entered Level 1 of the Lair of Beasts
  8784 | Lair:1   | Reached XP level 12. HP: 31/63 MP: 8/13
  8850 | Lair:1   | Reached skill level 14 in Unarmed Combat
  9005 | Lair:1   | Noticed a death yak
  9020 | Lair:1   | Killed a death yak
  9065 | Lair:1   | Noticed Harold
  9220 | Lair:1   | Killed Harold
  9798 | Lair:2   | Noticed Gastronok
  9813 | Lair:2   | Killed Gastronok
  9892 | Lair:2   | Reached skill level 15 in Unarmed Combat
 10071 | Lair:2   | Reached **** piety under Dithmenos
 10150 | Lair:2   | Noticed a skyshark
 10165 | Lair:2   | Killed a skyshark
 10166 | Lair:2   | Reached XP level 13. HP: 64/70 MP: 11/14
 10494 | Lair:2   | Found a hole to the Spider Nest.
 10697 | Lair:2   | Found a staircase to the Shoals.
 11855 | Lair:4   | Found a staircase to the Slime Pits.
 11997 | Lair:4   | Reached skill level 16 in Unarmed Combat
 12020 | Lair:4   | Reached skill level 10 in Fighting
 12125 | Lair:4   | Noticed Nessos
 12136 | Lair:4   | Killed Nessos
 12183 | Lair:4   | Reached ***** piety under Dithmenos
 12972 | Lair:5   | Entered Level 5 of the Lair of Beasts
 13241 | Lair:5   | Reached skill level 1 in Invocations
 13294 | Lair:5   | Reached XP level 14. HP: 64/77 MP: 12/15
 13370 | Lair:5   | Identified the +4 orcbow of Ycuycis {heavy, Fly rN+ rCorr
                  | Dex+3}
 14012 | Lair:5   | Noticed a dire elephant
 14035 | Lair:5   | Killed a dire elephant
 14096 | Lair:5   | Identified the +11 flail of the Dark Horse {antimagic,
                  | rPois}
 14527 | D:11     | Reached skill level 10 in Dodging
 14814 | D:11     | Found an ornate altar of the Wu Jian Council.
 15725 | Orc:1    | Entered Level 1 of the Orcish Mines
 15770 | Orc:1    | Noticed Fannar
 15793 | Orc:1    | Killed Fannar
 16354 | Orc:2    | Entered Level 2 of the Orcish Mines
 16584 | Orc:2    | Reached skill level 5 in Invocations
 16841 | Orc:2    | Reached ****** piety under Dithmenos
 16842 | Orc:2    | Reached XP level 15. HP: 81/81 MP: 19/19
 16855 | Orc:2    | Reached skill level 17 in Unarmed Combat
 17184 | Orc:2    | Found Mioteeq's Assorted Antiques.
 17201 | Orc:2    | Bought a scroll of blinking for 232 gold pieces
 17201 | Orc:2    | Bought a scroll of revelation for 232 gold pieces
 17201 | Orc:2    | Bought a scroll of revelation for 232 gold pieces
 17335 | Orc:2    | Found Honiaxish's Distillery.
 17358 | Orc:2    | Bought a potion of haste for 160 gold pieces
 17358 | Orc:2    | Bought a potion of curing for 48 gold pieces
 17358 | Orc:2    | Bought a potion of curing for 48 gold pieces
 17551 | Orc:2    | Found Pyloclur's Weapon Shop.
 17626 | Orc:2    | Found Vestrass's Assorted Antiques.
 17725 | Orc:2    | Noticed an orc warlord
 17756 | Orc:2    | Killed an orc warlord
 18160 | Orc:2    | Found a staircase to the Elven Halls.
 18762 | D:13     | Found a frozen archway.
 18783 | IceCv    | Entered an ice cave
 19288 | D:13     | Found a gate to the Vaults.
 19480 | D:13     | Found a radiant altar of Vehumet.
 19602 | D:14     | Reached skill level 15 in Shapeshifting
 19695 | D:14     | Identified the +1 leather armour of Tenacity {rElec rC+ rN+
                  | Int-3}
 19766 | D:14     | Found a runed translucent door.
 19766 | D:14     | Noticed Giytsamn's ghost (journeyman GnWn)
 19786 | D:14     | Killed Giytsamn's ghost
 19794 | D:14     | Identified the ring of the Prince {^Drain Will+ rCorr
                  | Int+3}
 19998 | D:14     | Found a broken altar of Ashenzari.
 20813 | D:14     | Reached XP level 16. HP: 68/86 MP: 16/22
 21184 | Spider:1 | Entered Level 1 of the Spider Nest
 21269 | Spider:1 | Noticed Nikola
 21330 | Lair:2   | Killed Nikola
 21600 | Spider:1 | You fall into a shaft and drop 1 floor!
 22518 | Spider:2 | Reached skill level 18 in Unarmed Combat
 23148 | Spider:2 | Reached XP level 17. HP: 91/91 MP: 24/24
 24520 | Spider:4 | Entered Level 4 of the Spider Nest
 24949 | Spider:4 | Noticed Arachne
 24960 | Spider:4 | Killed Arachne
 24964 | Spider:4 | Noticed Agnes
 24975 | Spider:4 | Killed Agnes
 25126 | Spider:4 | Reached skill level 10 in Invocations
 25423 | Spider:4 | Got a gossamer rune of Zot
 25795 | Elf:1    | Entered Level 1 of the Elven Halls
 25795 | Elf:1    | Found a runed translucent gate.
 25795 | Elf:1    | Found a runed translucent gate.
 25795 | Elf:1    | Found a runed translucent gate.
 25795 | Elf:1    | Found a runed translucent gate.
 25795 | Elf:1    | Found a runed translucent gate.
 25795 | Elf:1    | Found a runed translucent gate.
 25798 | Elf:1    | Found a runed translucent door.
 25823 | Elf:1    | Found a runed translucent door.
 25951 | Elf:1    | Reached skill level 1 in Spellcasting
 25982 | Elf:1    | Found a crumbling gateway.
 26004 | Desolati | Entered the Desolation of Salt
 26246 | Elf:1    | Found Wivases's Weapon Shoppe.
 26321 | Elf:1    | Reached XP level 18. HP: 98/98 MP: 28/28
 26886 | Elf:2    | Found a shimmering altar of Xom.
 26892 | Elf:2    | Identified the +3 leather armour of Oblivion {Str+3}
 26955 | Elf:2    | Paralysed by an air elemental for 1 turns
 27099 | Elf:2    | Found a runed translucent gate.
 27099 | Elf:2    | Found a runed translucent gate.
 27099 | Elf:2    | Found a runed translucent gate.
 27552 | Elf:3    | Entered Level 3 of the Elven Halls
 27552 | Elf:3    | Noticed Saint Roka
 27698 | Elf:2    | Killed Saint Roka
 27830 | Elf:3    | Found an ancient bone altar of Kikubaaqudgha.
 28193 | Elf:3    | Reached skill level 19 in Unarmed Combat
 28309 | Elf:3    | Reached skill level 5 in Spellcasting
 28358 | Elf:3    | Found Siehen's Jewellery Boutique.
 28360 | Elf:3    | Found Astruuk's Book Shoppe.
 28361 | Elf:3    | Found Kyeptaalo's Jewellery Boutique.
 28371 | Elf:3    | Bought the ring "Maschoste" {rF+ Str+7 Int+3} for 1113 gold
                  | pieces
 28678 | Elf:3    | Noticed a deep elf master archer
 28678 | Elf:3    | Noticed Zenata
 28722 | Elf:3    | Noticed a deep elf blademaster
 28730 | Elf:3    | Killed a deep elf blademaster
 28780 | Elf:3    | Killed a deep elf master archer
 28780 | Elf:3    | Noticed a deep elf blademaster
 28794 | Elf:3    | Killed a deep elf blademaster
 28796 | Elf:3    | Noticed a deep elf master archer
 28810 | Elf:3    | Killed a deep elf master archer
 28816 | Elf:3    | Reached XP level 19. HP: 96/103 MP: 29/29
 28850 | Elf:3    | Killed Zenata
 28879 | Elf:3    | HP: 5/135 [deep elf blademaster/+0 short sword (9)]
 28886 | Elf:3    | Killed from afar by a deep elf annihilator

Illustrated notes

Levels and vault maps discovered:
D:1:      dpeg_arrival_court, layout_basic
D:2:      layout_basic, basic_altar, st_stairs_1,
          hangedman_decor_clover_reticule
D:3:      layout_basic, minmay_shallow_snake_nest
D:4:      kennysheep_six_static_rooms, layout_basic
D:5:      layout_gridville, amcnicky_altar_gilded, enter_ossuary_3,
          guppyfry_shop_venom
D:6:      layout_loops_corners, gup_sewer_entry_pipe
D:7:      layout_loops_ring, temple_green
D:8:      layout_cave_pools, nicolae_looking_at_the_future
D:9:      layout_basic, jmf_multi_god_temple2, orc_david_3,
          hangedman_abyss_or_decor_stagger
D:10:     layout_cave_pools, dpeg_oklobed_lair, serial_demonic,
          serial_demonic_b, serial_demonic_e, serial_demonic_c, serial_demonic_c
D:11:     layout_irregular_city, nicolae_alphabet_shops,
          pdpol_wu_jian_five_deadly_venoms
D:12:     layout_basic, serial_library_regret_index_branch_corner
D:13:     layout_irregular_city, erik_vaults_1, portal_ice_cave_entry_pillars_2,
          nicolae_eternal_life, nicolae_vehumet_altar_sigil
D:14:     layout_grid_maze, nicolae_ashenzari_panopticon,
          ebering_ghost_reflecting_pool
Temple:   hellmonk_temple_divided_pantheon
Lair:1:   layout_gridlike, lemuel_fruit_tree, uniq_harold
Lair:2:   layout_chaotic_city, minmay_shoals_entry_lonely_mermaid,
          spider_nest_entry_funnel_web, uniq_gastronok
Lair:3:   layout_regular_city, grunt_megastairs_1, lemuel_fruit_fields
Lair:4:   layout_cave_pods, slime_entry_1, uniq_nessos
Lair:5:   grunt_lair_end_beastmaster, layout_concentric_octagons,
          minmay_lair_drake_nest, lemuel_fruit_fields
Spider:1: layout_spider_delve, drop_trap, nicolae_spider_undead_wolf_pack,
          uniq_nikola
Spider:2: nicolae_spider_hilbert_zone_6 [nicolae_spider_hilbert_4_sides_1_open,
          nicolae_spider_hilbert_4_sides_1_open,
          nicolae_spider_hilbert_4_sides_1_open,
          nicolae_spider_hilbert_4_sides_1_open,
          nicolae_spider_hilbert_4_sides_1_open,
          nicolae_spider_hilbert_4_sides_1_open,
          nicolae_spider_hilbert_4_sides_1_open], nicolae_spider_eight_legs
Spider:3: layout_spider_delve, nicolae_spider_spiderdrome
Spider:4: hellmonk_spider_rune_bug_friends, nicolae_spider_webbed_stairs,
          uniq_agnes, uniq_arachne
Orc:1:    cheibrodos_orc_arena, layout_diamond_mine, uniq_fannar
Orc:2:    pubby_orc_utopia
Elf:1:    nicolae_elf_arrival_dilemma, layout_geoelf_grid, serial_shops, shop,
          portal_desolation_entry_twin_temple, minivault_28,
          dreamdust_mushroom_princess
Elf:2:    nicolae_elf_blades_splatter_lattice [nicolae_blade_little_rooms],
          layout_loops_cross, basic_altar
Elf:3:    minmay_elf_hall, layout_geoelf_castle, basic_altar, dk_noncrumbling_2,
          serial_library_hellmonk_room_b, small_chamber_with_monster,
          nicolae_fountain_basement, minmay_shop_grove, uniq_zenata,
          uniq_saint_roka

Skill      XL: |  1  2  3  4  5  6  7  8  9 10 11 12 13 14 15 16 17 18 19 |
---------------+----------------------------------------------------------+-----
Unarmed Combat | 4 5 7 8 10 12 13 15 16 17 18 19 | 19.2
Shapeshifting  | 4 5 6 7 8 9 10 11 12 13 15 16 17 | 17.8
Fighting       | 2 4 6 7 9 10 11 12 13 | 13.0
Dodging        | 2 4 5 7 8 9 10 11 12 | 12.0
Invocations    | 1 5 7 8 12 | 12.0
Spellcasting   | 2 5 6 |  6.0

Action                     |  1- 3 |  4- 6 |  7- 9 | 10-12 | 13-15 | 16-18 | 19-21 || total
---------------------------+-------+-------+-------+-------+-------+-------+-------++-------
  Melee: Unarmed           |    76 |   171 |   293 |   564 |  1272 |   838 |    32 ||  3246
         Bite              |    23 |    44 |    80 |   181 |   561 |   272 |     6 ||  1167
         Punch             |     3 |     5 |    12 |    37 |       |    87 |     1 ||   145
  Throw: Dart              |       |     1 |     5 |    14 |       |    24 |       ||    44
  Evoke: Wand              |       |       |     1 |       |     1 |       |     1 ||     3
         Box of beasts     |       |       |       |       |     2 |       |       ||     2
    Use: Potion            |       |     2 |     5 |       |       |     7 |     1 ||    15
         Scroll            |       |       |    16 |     5 |     4 |     8 |     1 ||    34
   Stab: Sleeping          |       |       |       |     1 |     3 |    15 |       ||    19
         Petrifying        |       |       |       |       |     3 |       |       ||     3
         Petrified         |       |       |       |       |     1 |       |       ||     1
         Distracted        |       |       |       |       |     1 |     3 |       ||     4
 Armour: Animal skin       |    43 |       |       |       |       |       |       ||    43
         Scale mail        |       |    96 |    59 |       |       |       |       ||   155
         Robe              |       |       |    30 |   145 |       |    33 |       ||   208
         Skin              |       |       |    10 |    40 |   327 |   585 |    63 ||  1025
  Dodge: Dodged            |    39 |    49 |    99 |   525 |  1020 |  1248 |    32 ||  3012
   Form: Flux              |       |       |       |     1 |     1 |       |       ||     2
         Serpent           |       |       |       |       |     1 |       |       ||     1
         Statue            |       |       |       |       |       |     3 |       ||     3
         Blade             |       |       |       |       |       |     1 |       ||     1
         Death             |       |       |       |       |       |     1 |       ||     1
